 Dungeon Crawl Stone Soup version 0.17-a0-1564-g7b572aa (webtiles) character file.

116 CipHuK the Chiller (level 5, -10/31 HPs)
             Began as an Octopode Ice Elementalist on July 21, 2015.
             Mangled by a gnoll
             ... wielding a +0 halberd
              (18 damage)
             ... on level 3 of the Dungeon.
             The game lasted 00:04:12 (2552 turns).

CipHuK the Chiller (Octopode Ice Elementalist)      Turns: 2552, Time: 00:04:13

Health: -10/31     AC:  1    Str:  8    XL:     5   Next: 0%
Magic:  2/9        EV: 12    Int: 18    God:
Gold:   81         SH:  0    Dex: 12    Spells: 1 memorised, 9 levels left

rFire  . . .     SeeInvis .     (no weapon)
rCold  . . .     Clarity  .     (no shield)
rNeg   . . .     SustAt   .     (helmet restricted)
rPois  +         Gourm    .     (no amulet)
rElec  .         Spirit   .     h - ring of poison resistance
rCorr  .         Warding  .     (no ring)
rMut   .         Stasis   .     (no ring)
MR     .....                    (no ring)
Stlth  +++.......               (no ring)
                                (no ring)
                                (no ring)
                                (no ring)

@: very slightly contaminated, not resistant to hostile enchantments, fairly
stealthy
A: almost no armour, amphibious, 8 rings, constrict 8, camouflage 1, gelatinous
body 1
a: no special abilities


You were on level 3 of the Dungeon.
You were hungry.

You visited 1 branch of the dungeon, and saw 3 of its levels.

You collected 81 gold pieces.

Inventory:

Jewellery
 h - a ring of poison resistance (left tentacle)
 i - an uncursed amulet of rage {unknown}
Scrolls
 c - 3 scrolls of remove curse {unknown}
 d - 2 scrolls of immolation {unknown}
 e - a scroll of noise {unknown}
 g - a scroll of fear {unknown}
 j - a scroll of random uselessness {unknown}
 k - 2 scrolls of blinking {unknown}
 l - a scroll of amnesia {unknown}
 n - a scroll of enchant armour {unknown}
 o - a scroll of identify {unknown}
Books
 a - a book of Frost

   Spells                             Type                      Level
   a - Freeze                         Ice                          1
   b - Throw Frost                    Conjuration/Ice              2
   c - Ozocubu's Armour               Charms/Ice                   3
   d - Throw Icicle                   Conjuration/Ice              4
   e - Summon Ice Beast               Ice/Summoning                4
   f - Condensation Shield            Ice                          4
Comestibles
 b - 2 bread rations
 f - 3 meat rations
 m - 2 fruits


   Skills:
 - Level 2.0 Dodging
 - Level 2.6 Stealth
 - Level 3.2 Spellcasting
   Level 1.0 Conjurations
 + Level 4.6 Ice Magic


You had 9 spell levels left.
You knew the following spells:

 Your Spells              Type           Power        Failure   Level  Hunger
a - Freeze                Ice            ###.         2%          1    None


Dungeon Overview and Level Annotations

Branches:
Dungeon (3/15)

Altars:


Innate Abilities, Weirdness & Mutations

You cannot wear most types of armour.
You are amphibious.
You can wear up to eight rings at the same time.
You can use your tentacles to constrict eight enemies at once.
Your skin changes colour to match your surroundings (Stealth).
Your rubbery body absorbs attacks (AC +1).


Message History

You miscast Freeze.
You are very lightly contaminated with residual magic.
Nothing appears to happen.
The giant gecko completely misses you.
Casting: Freeze
Confirm with . or Enter, or press ? or * to list all spells.
Aiming: Freeze
Press: ? - help, Shift-Dir - straight line, f/p - giant gecko
Aim: a giant gecko (moderately wounded, slow, clinging)
You freeze the giant gecko.
You kill the giant gecko!
You have reached level 5!
You feel stronger.
You see here a spear.
Memorise Ozocubu's Armour, consuming 3 spell levels and leaving 6?
You start memorising the spell.
You continue memorising.
You continue memorising. x2
The gnoll hits you from afar with a halberd!!
Your memorisation is interrupted.
Ouch! That really hurt!
You die...

######## #).....# #......#
#......# #......# #......#
#############......# .
........)@.g.......# #
#.........#####......#
..#.#######.#..........#
.....#####.#....g..[..#
###.#.#.....#..l.####.##
......................#######
.............g.............>#
.#.#.#.##############.####.#
# #.# #.## #.#


You could see a gnoll.

Vanquished Creatures
  3 adders (D:2)
  5 gnolls
  A worm (D:2)
  2 giant geckos
  5 bats
  4 hobgoblins
  2 jackals (D:2)
  6 kobolds
  A giant cockroach (D:1)
  3 giant newts
  6 goblins
  3 rats
41 creatures vanquished.

Notes
Turn   | Place    | Note
--------------------------------------------------------------
     0 | D:1      | CipHuK the Octopode Ice Elementalist began the quest for the Orb.
     0 | D:1      | Reached XP level 1. HP: 11/11 MP: 3/3
   464 | D:1      | Reached XP level 2. HP: 10/17 MP: 5/5
  1065 | D:2      | Reached XP level 3. HP: 18/21 MP: 0/7
  1284 | D:2      | Reached XP level 4. HP: 5/27 MP: 0/8
  1565 | D:2      | Reached skill level 4 in Ice Magic
  2546 | D:3      | Reached XP level 5. HP: 8/31 MP: 1/9
  2552 | D:3      | Mangled by a gnoll

Vault maps used:
D:1:      dpeg_arrival_arbitrary_c
D:2:      serial_forest, infiniplex_forest_straight_3,
          infiniplex_forest_clump_diagonal, infiniplex_forest_clump_small,
          infiniplex_forest_straight_1, infiniplex_forest_zigzag_1,
          infiniplex_forest_straight_4, corner_web_ring
D:3:      elyvilon_altar_5, first_bread, grunt_gozag_breadcrumbs

Action                   |  1- 3 |  4- 6 || total
-------------------------+-------+-------++-------
Melee: Unarmed           |    16 |    20 ||    36
 Cast: Freeze            |    34 |    37 ||    71
 Stab: Sleeping          |     2 |     2 ||     4
       Distracted        |     1 |       ||     1
  Eat: Chunk             |     1 |     3 ||     4
